 Dungeon Sprint DCSS version bcrawl-1.12-10-g10a67aac0f (webtiles) character file.

Game seed: 4685174126011129055

4636 PikkenKukken the Spry (level 10, -11/56 HPs)
             Began as a Fairy Conjurer on June 13, 2019.
             Was an Elder of Vehumet.
             Mangled by a deep troll (20 damage)
             ... in the Dungeon (Sprint I: "Red Sonja").
             The game lasted 00:07:49 (879 turns).

PikkenKukken the Spry (Fairy Conjurer)               Turns: 879, Time: 00:07:49

Health: -11/56     AC:  8    Str:  5 (6)  XL:     10   Next: 43%
Magic:  14/31      EV: 23    Int: 22 (23) God:    Vehumet [****..]
Gold:   2          SH:  6    Dex:  7 (8)  Spells: 33/40 levels left

rFire    . . .     SeeInvis .   (weapon restricted)
rCold    . . .     Gourm    .   (shield restricted)
rNeg     . . .     Faith    .   (armour unavailable)
rPois    .         Spirit   .   (no helmet)
rElec    .         Reflect  .   (no cloak)
rCorr    .         Harm     .   (no gloves)
MR       ++...     NoTele   +   (no boots)
Stlth    ..........             (no amulet)
HPRegen  0.18/turn              (no ring)
MPRegen  0.22/turn              (no ring)

@: flying evasively
A: small, magic attunement, unstealthy, unfitting armour, slimy green scales 1,
[blurry vision 1], [clumsy 2], [deterioration 1], magic resistance 1, [subdued
magic 2], able to fly, AC/SH +6
a: Stop Flying, Renounce Religion


You were in the Dungeon.
You worshipped Vehumet.
Vehumet was greatly pleased with you.
You were not hungry.

You visited 1 branch You collected 405 gold pieces.
You spent 403 gold pieces at shops.

Inventory:

Wands
 a - a wand of polymorph (4)
 i - a wand of random effects (6)
 l - a wand of clouds (2)
Scrolls
 h - a scroll of blinking
Potions
 c - a potion of curing
 d - 2 potions of heal wounds
 e - a potion of haste
 f - 2 potions of magic
 g - 2 potions of berserk rage
 j - a potion of might {unknown}
Comestibles
 b - a ration {!d}


   Skills:
 + Level 16.9 Dodging
 - Level 1.9 Stealth
 - Level 0.4 Unarmed Combat
 + Level 15.8 Spellcasting
 + Level 16.8 Conjurations


You had 33 spell levels left.
You knew the following spells:

 Your Spells              Type           Power        Failure   Level  Hunger
a - Magic Dart            Conj           ####         0%          1    None
b - Searing Ray           Conj           ######       0%          2    None
c - Fulminant Prism       Conj/Hex       ####......   1%          4    None

Your spell library contained the following spells:

 Spells                   Type           Power        Failure   Level  Hunger
 Flame Tongue             Conj/Fire      ####.        0%          1    None
 Iskenderun's Mystic Bla  Conj           ######..     0%          3    None
 Irradiate                Conj/Tmut      ####......   1%          5    None


Dungeon Overview and Level Annotations

Branches:
Dungeon (1/1)

Altars:
Cheibriados
Dithmenos
Elyvilon
Fedhas
Gozag
Hepliaklqana
Kikubaaqudgha
Lugonu
Makhleb
Nemelex Xobeh
Okawaru
Qazlal
Ru
Sif Muna
Trog
Uskayaw
Vehumet
Wu Jian
Xom
Yredelemnul
Zin
The Shining One
Jiyva

Shops:
D }*


Innate Abilities, Weirdness & Mutations

Your spells do not cause hunger and MP costs are reduced by 1.
Your bright wings attract enemies. (Stealth-)
You cannot fit into any form of body armour.
Your shimmering scales are hard and can block incoming attacks. (AC +6, SH +6)
You are small and have problems with some larger weapons.
You can fly continuously.
You are partially covered in slimy green scales. (AC +2)
You are resistant to hostile enchantments. (MR+)
[Scrolls take you a little longer to read.]
[You are very clumsy. (Dex -4)]
[Your body sometimes deteriorates upon taking damage.]
[Your spells are easier to cast, but less powerful.]


Message History

The deep troll is severely wounded.
You finish channeling your searing ray.
The deep troll barely misses you. The deep troll claws you!
Your body deteriorates!
You feel clumsy. The deep troll barely misses you.
Casting: Searing Ray (safe; 0% risk of failure)
Confirm with . or Enter, or press ? or * to list all spells.
Aiming: Searing Ray (safe; 0% risk of failure)
Press: ? - help, Shift-Dir - straight line, f/p - deep troll
Aim: a deep troll (severely wounded)
The searing ray hits the deep troll.
The deep troll is severely wounded. (Press . to maintain the ray.)
The deep troll bites you! You block the deep troll's attack.
The deep troll claws you!
* * * LOW HITPOINT WARNING * * *
The searing ray hits the deep troll.
The deep troll is severely wounded.
You block the deep troll's attack. The deep troll claws you!!
You die...

###################
#<.#..'..#.)'..#__#
#..)).#..'..#..'..+
#..#####'#####'#__#
#..####..#...#.####
#..#__####..##[#
#..#_____##'#_@+
#⌠⌠#_.∩...'..T_#
####_..__##_.#'#
#_____###'#.#
############.####+###
#∩........'...'T$.$$+
###''''####...#######
#.......####.##
#........# #+#


You could see a deep troll.

Vanquished Creatures
  Sonja (D)
  8 shining eyes (D)
  A slime creature (D)
  Sigmund (D)
  A yak (D)
  4 floating eyes (D)
  An ogre (D)
  A jelly (D)
  Ijyb (D)
19 creatures vanquished.

Vanquished Creatures (others)
  A gargoyle (D)
  17 fulminant prisms (D)
18 creatures vanquished.

Grand Total: 37 creatures vanquished

Notes
Turn   | Place    | Note
-------+----------+-------------------------------------------
     0 | D        | PikkenKukken the Fairy Conjurer began the quest for the
                  | Orb.
     0 | D        | Reached XP level 1. HP: 11/11 MP: 6/6
     1 | D        | Noticed Ijyb
    14 | D        | Killed Ijyb
    14 | D        | Reached XP level 2. HP: 12/17 MP: 8/8
    14 | D        | Reached XP level 3. HP: 16/21 MP: 9/9
    88 | D        | Learned a level 2 spell: Searing Ray
    92 | D        | Noticed an ogre
   100 | D        | Killed an ogre
   100 | D        | Reached XP level 4. HP: 20/27 MP: 4/14
   114 | D        | Killed a gargoyle
   177 | D        | Noticed Sigmund
   181 | D        | Killed Sigmund
   181 | D        | Reached skill level 10 in Conjurations
   181 | D        | Reached XP level 5. HP: 17/31 MP: 11/17
   181 | D        | Reached XP level 6. HP: 19/36 MP: 12/19
   354 | D        | Found a burning altar of Makhleb.
   354 | D        | Found a shimmering altar of Xom.
   354 | D        | Noticed a slime creature
   355 | D        | Found a viscous altar of Jiyva.
   355 | D        | Found a corrupted altar of Lugonu.
   363 | D        | Killed a slime creature
   363 | D        | Reached skill level 10 in Dodging
   363 | D        | Reached XP level 7. HP: 21/41 MP: 14/22
   520 | D        | Found an ornate altar of the Wu Jian Council.
   520 | D        | Found a deep blue altar of Sif Muna.
   522 | D        | Found a radiant altar of Vehumet.
   525 | D        | Reached skill level 10 in Spellcasting
   534 | D        | Became a worshipper of Vehumet
   539 | D        | Found Goziufic's General Store.
   539 | D        | Found an ancient bone altar of Kikubaaqudgha.
   539 | D        | Found a stormy altar of Qazlal.
   539 | D        | Found a blossoming altar of Fedhas.
   539 | D        | Found a bloodstained altar of Trog.
   539 | D        | Found an iron altar of Okawaru.
   539 | D        | Found a glowing golden altar of the Shining One.
   539 | D        | Found a glowing silver altar of Zin.
   539 | D        | Found a white marble altar of Elyvilon.
   539 | D        | Noticed a yak
   546 | D        | Killed a yak
   552 | D        | Learned a level 4 spell: Fulminant Prism
   552 | D        | Found a hazy altar of Hepliaklqana.
   552 | D        | Found a hide-covered altar of Uskayaw.
   552 | D        | Found a basalt altar of Yredelemnul.
   552 | D        | Found an opulent altar of Gozag.
   552 | D        | Found a snail-covered altar of Cheibriados.
   552 | D        | Found a sacrificial altar of Ru.
   552 | D        | Found a shadowy altar of Dithmenos.
   555 | D        | Found a sparkling altar of Nemelex Xobeh.
   559 | D        | Bought a potion of heal wounds for 50 gold pieces
   559 | D        | Bought a potion of mutation for 80 gold pieces
   559 | D        | Gained mutation: You are partially covered in slimy green
                  | scales. (AC +2) [potion of mutation]
   559 | D        | Gained mutation: You are resistant to hostile enchantments.
                  | (MR+) [potion of mutation]
   599 | D        | Noticed Sonja
   605 | D        | Killed Sonja
   605 | D        | Reached XP level 8. HP: 46/46 MP: 19/26
   631 | D        | Found Bolyesatuf's Gadget Boutique.
   639 | D        | Bought a wand of clouds (3) for 273 gold pieces
   645 | D        | Noticed a shining eye
   645 | D        | Noticed a shining eye
   645 | D        | Noticed a shining eye
   647 | D        | Paralysed by a floating eye for 3 turns
   651 | D        | Reached * piety under Vehumet
   651 | D        | Offered knowledge of Flame Tongue by Vehumet.
   655 | D        | Killed a shining eye
   655 | D        | Reached ** piety under Vehumet
   655 | D        | Reached XP level 9. HP: 51/51 MP: 20/28
   657 | D        | Killed a shining eye
   657 | D        | Reached skill level 15 in Conjurations
   657 | D        | Noticed a shining eye
   657 | D        | Killed a shining eye
   657 | D        | Reached skill level 15 in Dodging
   661 | D        | Noticed a shining eye
   664 | D        | Noticed a shining eye
   668 | D        | Noticed a shining eye
   670 | D        | Paralysed by a floating eye for 2 turns
   672 | D        | Killed a shining eye
   672 | D        | Reached *** piety under Vehumet
   678 | D        | Killed a shining eye
   678 | D        | Reached skill level 15 in Spellcasting
   678 | D        | Reached XP level 10. HP: 30/50 MP: 15/31
   686 | D        | Killed a shining eye
   689 | D        | Killed a shining eye
   689 | D        | Reached **** piety under Vehumet
   694 | D        | Noticed a shining eye
   700 | D        | Killed a shining eye
   861 | D        | Noticed a deep troll
   879 | D        | Mangled by a deep troll

Skill      XL: |  1  2  3  4  5  6  7  8  9 |
---------------+----------------------------+-----
Dodging        | 3 6 8 10 12 14 16 | 16.9
Spellcasting   | 3 6 8 9 12 13 15 | 15.8
Conjurations   | 7 9 10 11 13 14 16 | 16.8
Stealth        | |  1.9
Unarmed Combat | |  0.4

Action                   |  1- 3 |  4- 6 |  7- 9 | 10-12 || total
-------------------------+-------+-------+-------+-------++-------
Melee: Unarmed           |     3 |       |       |       ||     3
 Cast: Magic Dart        |     2 |       |     2 |     2 ||     6
       Searing Ray       |     1 |     4 |     4 |     2 ||    11
       Fulminant Prism   |       |       |     8 |     9 ||    17
Evoke: Wand              |       |       |     1 |       ||     1
  Use: Potion            |       |       |     1 |       ||     1
Armor: Skin              |     1 |     1 |       |       ||     2
Dodge: Dodged            |     3 |     6 |     7 |     8 ||    24
Block: Other             |     2 |     1 |     1 |     4 ||     8
